 Dungeon Crawl Stone Soup version 0.27-a0-920-gb2bd10914a (webtiles) character file.

Game seed: 6444574599143435218

77 spiderkeys the Sneak (level 4, -12/30 HPs)
             Began as an Octopode Brigand on Apr 9, 2021.
             Mangled by an ogre
             ... wielding a +0 giant spiked club
              (22 damage)
             ... on level 2 of the Dungeon.
             The game lasted 00:01:20 (1685 turns).

spiderkeys the Sneak (Octopode Brigand)             Turns: 1685, Time: 00:01:21

Health: -12/30     AC:  1    Str: 10    XL:     4   Next: 33%
Magic:  4/4        EV: 13    Int: 13    God:
Gold:   91         SH:  0    Dex: 14    Spells: 3/3 levels left

rFire    . . .     SeeInvis .   a - +2 dagger
rCold    . . .     Faith    .   (no shield)
rNeg     . . .     Spirit   .   (helmet restricted)
rPois    .         Reflect  .   (no amulet)
rElec    .         Harm     .   (no ring)
rCorr    .         Rampage  .   (no ring)
Will     .....                  (no ring)
Stlth    ++++......             (no ring)
HPRegen  0.10/turn              (no ring)
MPRegen  0.09/turn              (no ring)
                                (no ring)
                                (no ring)

@: no status effects
A: almost no armour, amphibious, 8 rings, camouflage 1, gelatinous body 1,
(nimble swimmer 1), tentacles
a: no special abilities


You were on level 2 of the Dungeon.
You visited 1 branch of the dungeon, and saw 2 of its levels.

You collected 91 gold pieces.

Inventory:

Hand Weapons
 a - a +2 dagger (weapon)
Missiles
 b - 8 poisoned darts (quivered)
 c - 2 curare-tipped darts
Jewellery
 g - an amulet of magic regeneration
Scrolls
 e - a scroll of fear
 i - a scroll of teleportation {unknown}
 k - a scroll of magic mapping
 m - a scroll of enchant armour {unknown}
 n - a scroll of silence {unknown}
Potions
 d - a potion of flight {unknown}
 f - a potion of might {unknown}
 h - 2 potions of curing {unknown}
 j - 3 potions of attraction {unknown}
 l - a potion of heal wounds {unknown}


   Skills:
 + Level 2.6 Fighting
 + Level 2.7 Short Blades
 - Level 2.0 Throwing
 * Level 2.5 Dodging
 + Level 5.9 Stealth


You had 3 spell levels left.
You didn't know any spells.
Your spell library was empty.

Dungeon Overview and Level Annotations

Branches:
Dungeon (2/15)

Altars:


Innate Abilities, Weirdness & Mutations

You cannot wear most types of armour.
You are amphibious.
You can wear up to eight rings at the same time.
Your skin changes colour to match your surroundings (Stealth+).
Your rubbery body absorbs attacks. (AC +1, EV +1)
((You are camouflaged near water. (Stealth+)))
You have tentacles for arms and can constrict up to eight enemies at once.


Message History

No target in view!
No target in view!
A hound comes into view.
A hound is nearby!
A hound is nearby!
A hound is nearby!
A hound is nearby!
Found a stone staircase leading down.
The helpless hound fails to defend itself.
You impale the hound!!
You kill the hound!
You have reached level 4!
j - 2 viscous cyan potions (gained 1)
j - 3 viscous cyan potions (gained 1)
An ogre comes into view. It is wielding a +0 giant spiked club.
An ogre is nearby!
An ogre is nearby!
An ogre is nearby!
An ogre is nearby!
The ogre shouts!
The ogre closely misses you.
You hit the ogre but do no damage. You squeeze the ogre.
The ogre is lightly wounded.
You hit the ogre.
The ogre is lightly wounded.
The ogre hits you with a +0 giant spiked club!!
Ouch! That really hurt!
* * * LOW HITPOINT WARNING * * *
You are too injured to fight recklessly!
You are too injured to fight recklessly!
You hit the ogre.
The ogre is lightly wounded.
The ogre closely misses you.
You barely miss the ogre.
The ogre is lightly wounded.
You hit the ogre but do no damage.
The ogre is lightly wounded.
The ogre hits you with a +0 giant spiked club!!
Ouch! That really hurt!
You die...

###############
#.............########
#....................#
#....@O...............
#.....................
#.............###.....
#.....................
#.....................
#..........†..........
######>...............
############.....
#.....


You could see an ogre.

Vanquished Creatures
  A hound (D:2)
  3 dart slugs (D:1)
  3 ball pythons
  9 bats
  An endoplasm (D:1)
  3 giant cockroaches
  2 goblins
  4 hobgoblins
  4 kobolds
  A frilled lizard (D:2)
  5 rats
36 creatures vanquished.

Notes
Turn   | Place    | Note
-------+----------+-------------------------------------------
     0 | D:1      | spiderkeys the Octopode Brigand began the quest for the
                  | Orb.
     0 | D:1      | Reached XP level 1. HP: 14/14 MP: 1/1
   246 | D:1      | Reached XP level 2. HP: 19/19 MP: 2/2
   475 | D:1      | Reached XP level 3. HP: 22/24 MP: 3/3
  1545 | D:2      | Found a faded altar of an unknown god.
  1619 | D:2      | Reached XP level 4. HP: 30/30 MP: 4/4
  1644 | D:2      | Noticed an ogre
  1685 | D:2      | Mangled by an ogre

Illustrated notes

Levels and vault maps discovered:
D:1:      dpeg_arrival_erosion, layout_loops_corners
D:2:      layout_basic, hellmonk_ecumenical_altar_blasted, item_on_display_a

Skill      XL: |  1  2  3 |
---------------+----------+-----
Dodging        | 2 |  2.5
Fighting       | |  2.6
Short Blades   | |  2.7
Throwing       | |  2.0
Stealth        | |  5.9

Action                   |  1- 3 |  4- 6 || total
-------------------------+-------+-------++-------
Melee: Dagger            |    54 |     5 ||    59
       Constrict         |    12 |       ||    12
       Tentacles         |     7 |     1 ||     8
  Use: Scroll            |     2 |       ||     2
 Stab: Sleeping          |    13 |       ||    13
Armor: Skin              |     4 |       ||     4
Dodge: Dodged            |    21 |     2 ||    23

Table legend: (Time is in decaauts)
 A = Elapsed time spent in this place.
 B = Non-inter-level travel time spent in this place.
 C = Inter-level travel time spent in this place.
 D = Time resting spent in this place.
 E = Time spent auto-exploring this place.
 F = Levels seen in this place.
 G = Mean time per level.
                   A        B        C        D        E       F      G
               +--------+--------+--------+--------+--------+-----+--------+
         Total |   1677 |   1618 |     59 |      0 |   1393 |   2 |  838.5 |
       Dungeon |   1677 |   1618 |     59 |      0 |   1393 |   2 |  838.5 |
               +--------+--------+--------+--------+--------+-----+--------+

Top non-repeatable levels by time:
     D:1: 1220 daAuts
     D:2: 457 daAuts
